 Seeded DCSS version 0.29.1-13-g9f3cf754e1 (webtiles) character file.

Game seed: 1 (custom seed)

0 Kazon the Trooper (level 1, 17/19 HPs)
             Began as a Draconian Fighter on Jan 31, 2023.
             Quit the game on level 1 of the Dungeon.
             The game lasted 00:01:02 (39 turns).

Kazon the Trooper (Draconian Fighter)                 Turns: 39, Time: 00:01:02

Health: 17/19      AC:  4    Str: 18    XL:     1   Next: 8%
Magic:  1/1        EV: 11    Int:  8    God:
Gold:   15         SH:  4    Dex: 10    Spells: 0/0 levels left

rFire   . . .      SeeInvis .   a - +0 long sword
rCold   . . .      Faith    .   b - +0 buckler
rNeg    . . .      Spirit   .   (body armour unavailable)
rPois   .          Reflect  .   (helmet restricted)
rElec   .          Harm     .   (no cloak)
rCorr   .          Rampage  .   (no gloves)
Will    .....                   (no boots)
Stlth   +.........              (no amulet)
HPRegen 0.06/turn               (no ring)
MPRegen 0.07/turn               (no ring)

@: no status effects
A: AC +4, unfitting armour, cold-blooded
a: no special abilities


You were on level 1 of the Dungeon.
You visited 1 branch of the dungeon, and saw 1 of its levels.

You collected 15 gold pieces.

Inventory:

Hand Weapons
 a - a +0 long sword (weapon)
 d - the +9 staff of Wucad Mu {*channel}
   (You acquired it on level 1 of the Dungeon)

   It occasionally powers its wielder's spells, but with a chance of causing
   confusion or draining the wielder's intelligence.
   It becomes more likely to activate and less likely to backfire with increased
   Evocations skill.
Armour
 b - a +0 buckler (worn)
Potions
 c - a potion of might


   Skills:
 + Level 3.3 Fighting
 + Level 2.0 Long Blades
 + Level 2.6 Dodging
 + Level 3.0 Shields


You couldn't memorise any spells.
You didn't know any spells.
Your spell library was empty.

Dungeon Overview and Level Annotations

Branches:
Dungeon (1/15)

Altars:


Innate Abilities, Weirdness & Mutations

Your plain brown scales are hard. (AC +4)
You cannot fit into any form of body armour.
You are cold-blooded and may be slowed by cold attacks.


Message History

Game seed: 1 (custom seed); Press ? for a list of commands and other information.
Found a staircase leading out of the dungeon.
You open the door.
There is an open door here.
You open the door.
There is an open door here.
Found 16 gold pieces and an inky potion.
A bat comes into view.
Found a dented jasper amulet.
The bat barely misses you.
You see here 16 gold pieces.
The bat attacks as you move away! The bat barely misses you. The bat hits you.
The bat closely misses you. The bat hits you. The bat barely misses you.
The bat barely misses you. The bat hits you.
Found 15 gold pieces and a scroll labelled JOSIER CEATEUS.
The bat barely misses you. The bat hits you but does no damage.
You block the bat's attack. The bat closely misses you.
The bat closely misses you. The bat hits you but does no damage.
You block the bat's attack. The bat hits you but does no damage.
The bat barely misses you. The bat barely misses you.
You see here a scroll labelled JOSIER CEATEUS.
d - a scroll labelled JOSIER CEATEUS The bat barely misses you.
The bat hits you but does no damage. You block the bat's attack.
The bat barely misses you.
You see here 15 gold pieces.
You now have 15 gold pieces.
The bat hits you but does no damage.
This is a scroll of acquirement!
Something appears at your feet! The bat hits you but does no damage.
You block the bat's attack.
You hit the bat.
You kill the bat!
d - the +9 staff of Wucad Mu {*channel} Are you sure you want to abandon this character and quit the game? (Confirm with "yes".)

#.# +.+ ... #.# ...###
#.# #####.#.### #'# .
#.........###### #.## ..
#.. ......."...###...
...#..####..........##..
.......@......##....##..
....#..............$....
# +..........!........
#.....#.##..........
......#...#.#.......##..
.####.#...#.#..#....##..
..#...#.........##..
.......+.........##..
........##........# ..


There were no monsters in sight!

Vanquished Creatures
  A bat (D:1)
1 creature vanquished.

Notes
Turn   | Place    | Note
-------+----------+-------------------------------------------
     0 | D:1      | Kazon the Draconian Fighter began the quest for the Orb.
     0 | D:1      | Reached XP level 1. HP: 19/19 MP: 1/1
    36 | D:1      | Identified a scroll of acquirement
    36 | D:1      | Acquired the +9 staff of Wucad Mu {*channel}
    36 | D:1      | Found the +9 staff of Wucad Mu {*channel}
    39 | D:1      | Quit the game

Illustrated notes

Levels and vault maps discovered:
D:1:      dpeg_arrival_three_smaller_balls, layout_basic

Action                   || total
-------------------------++-------
Melee: Long sword        ||     1
  Use: Scroll            ||     1
Armor: Skin              ||     6
Dodge: Dodged            ||    12
Block: Buckler           ||     4
